 Dungeon Crawl Stone Soup version 0.29.1-13-g9f3cf754e1 (webtiles) character file.

Game seed: 11570795945542077504

3518 McKennaii the Protected (level 9, -1/79 HPs)
             Began as a Demigod Fighter on Feb 5, 2023.
             Slain by a killer bee (3 damage)
             ... while paralysed by a hornet
             ... on level 8 of the Dungeon.
             The game lasted 00:15:06 (8438 turns).

McKennaii the Protected (Demigod Fighter)           Turns: 8438, Time: 00:15:06

Health: -1/79      AC: 28    Str: 29    XL:     9   Next: 52%
Magic:  20/20      EV:  2    Int: 10    God:
Gold:   481        SH:  0    Dex: 15    Spells: 8/8 levels left

rFire   + . .      SeeInvis +   z - +6 scimitar (elec)
rCold   . . .      Faith    .   c - +0 buckler
rNeg    + . .      Spirit   .   e - +2 crystal plate armour of Hak Gig {rF+ rN+ Dex+2}
rPois   .          Reflect  .   C - +1 helmet {SInv}
rElec   .          Harm     .   I - +0 cloak
rCorr   .          Rampage  .   K - +0 pair of gloves
Will    .....                   u - +0 pair of boots
Stlth   ..........              (no amulet)
HPRegen 0.23/turn               m - ring of magical power
MPRegen 0.17/turn               (no ring)

@: paralysed, lethally poisoned (-1 -> -16), slowed
A: high MP 1, forlorn, divine attributes
a: no special abilities


You were on level 8 of the Dungeon.
You visited 1 branch of the dungeon, and saw 8 of its levels.
You also visited: Ossuary.

You collected 481 gold pieces.

Inventory:

Hand Weapons
 z - a +6 scimitar of electrocution (weapon)
Armour
 c - a +0 buckler (worn)
 e - the +2 crystal plate armour of Hak Gig (worn) {rF+ rN+ Dex+2}
   (You acquired it on level 3 of the Dungeon)

   Dex:       It affects your dexterity (+2).
   rF:        It protects you from fire.
   rN:        It protects you from negative energy.
 u - a +0 pair of boots (worn)
 C - a +1 helmet of see invisible (worn)
 I - a +0 cloak (worn)
 K - a +0 pair of gloves (worn)
Jewellery
 m - a ring of magical power (left hand)
 D - a ring of positive energy
Wands
 d - a wand of flame (12)
 r - a wand of paralysis (5)
 s - a wand of quicksilver (8)
 B - a wand of digging (4)
 F - a wand of iceblast (2)
Scrolls
 a - a scroll of identify
 b - 7 scrolls of fear
 g - 2 scrolls of amnesia
 i - 2 scrolls of butterflies
 k - 5 scrolls of magic mapping
 p - a scroll of poison {unknown}
 v - 2 scrolls of blinking {unknown}
 w - 5 scrolls of teleportation {unknown}
 x - 2 scrolls of immolation {unknown}
 y - a scroll of enchant weapon {unknown}
 E - a scroll of brand weapon {unknown}
 H - a scroll of torment {unknown}
 J - 2 scrolls of enchant armour {unknown}
 N - 2 scrolls of summoning {unknown}
Potions
 f - a potion of brilliance
 h - 3 potions of flight
 j - a potion of invisibility {unknown}
 l - 2 potions of heal wounds
 n - a potion of lignification {unknown}
 o - 2 potions of degeneration {unknown}
 q - 2 potions of curing
 t - 8 potions of might
 A - a potion of ambrosia {unknown}
 G - 2 potions of magic {unknown}
 L - a potion of attraction {unknown}
 M - a potion of experience {unknown}


   Skills:
 + Level 7.2 Fighting
 + Level 6.8 Long Blades
 * Level 9.3 Armour
 - Level 2.6 Shields


You had 8 spell levels left.
You didn't know any spells.
Your spell library contained the following spells:

 Spells                   Type           Power      Damage    Failure   Level
 Apportation              Tloc           0%         N/A       100%        1
 Magic Dart               Conj           0%         1d3       100%        1
 Necrotise                Necr           0%         1d4       100%        1
 Summon Small Mammal      Summ           0%         N/A       100%        1
 Ensorcelled Hibernation  Hex/Ice        0%         N/A       100%        2
 Searing Ray              Conj           0%         2d4       100%        2
 Call Canine Familiar     Summ           0%         N/A       100%        3
 Confusing Touch          Hex            0%         N/A       100%        3
 Portal Projectile        Hex/Tloc       0%         N/A       100%        3
 Spider Form              Tmut/Pois      0%         N/A       100%        3
 Summon Guardian Golem    Hex/Summ       0%         N/A       100%        3
 Tukima's Dance           Hex            0%         N/A       100%        3
 Vampiric Draining        Necr           0%         2d6       100%        3
 Anguish                  Hex/Necr       0%         N/A       100%        4
 Fulminant Prism          Conj/Hex       0%         3d6       100%        4
 Passage of Golubria      Tloc           0%         N/A       100%        4
 Agony                    Necr           0%         N/A       100%        5
 Alistair's Intoxication  Tmut/Pois      0%         N/A       100%        5
 Blade Hands              Tmut           0%         N/A       100%        5
 Silence                  Hex/Air        0%         N/A       100%        5
 Yara's Violent Unravell  Hex/Tmut       0%         3d3       100%        5
 Enfeeble                 Hex            0%         N/A       100%        7
 Lehudib's Crystal Spear  Conj/Erth      0%         10d2      100%        8


Dungeon Overview and Level Annotations

Branches:
Dungeon (8/15)             Temple (0/1) D:7         Ossuary (visited)
   Lair: D:8-11

Shops:
D:1 ([=   D:7 =

Annotations:
D:6 2 transporters, Exodus22XD's ghost, novice DsGl


Innate Abilities, Weirdness & Mutations

You have an increased reservoir of magic. (+10% MP)
You shall have no god before yourself.
Your divine heritage dramatically boosts your attributes as you level up.


Message History

The hornet is heavily wounded.
The killer bee stings you but does no damage.
You block the killer bee's attack. The hornet stings you.
You feel as though you will be slow longer.
The killer bee stings you but does no damage.
You block the killer bee's attack.
The hornet stings you but does no damage.
The killer bee stings you but does no damage. x2
The hornet stings you.
You feel as though you will be slow longer.
The killer bee stings you but does no damage. x2
Unknown command.
You barely miss the hornet.
The hornet is heavily wounded.
The killer bee barely misses you. You block the killer bee's attack.
The hornet stings you.
You feel as though you will be slow longer.
The killer bee stings you.
The killer bee stings you but does no damage.
The hornet stings you!
You are poisoned.
You suddenly lose the ability to move!
The killer bee stings you but does no damage. x2
You feel very sick. The killer bee stings you.
The killer bee stings you but does no damage.
The hornet stings you!
* * * LOW HITPOINT WARNING * * *
You are lethally poisoned!
You feel as though you will be slow longer.
The killer bee stings you but does no damage.
The killer bee stings you.
* * * LOW HITPOINT WARNING * * *
The hornet stings you but does no damage.
* * * LOW HITPOINT WARNING * * *
You feel very sick. The killer bee stings you.
* * * LOW HITPOINT WARNING * * *
The killer bee stings you.
You die...

***#..,,,.....* *** *,,**
** #..#**....### **,,**
*###...,###....## **,,*
_+....>##.......# *,,*
+**#....!...#...### **++*
,* #.......##.....# *,,,*
,**#....†.........#####__*
,..............yy.[...#⌠⌠*
,......####....y@.....#***
*##............#......##
,*#..≈≈.^§≈............##
,.≈#y#≈.≈^##^...........#
,.~^##..^^,#≈...........##
,,^^,.^..#*#........)....##
,,,^^^≈.≈,,.^..#..........#
*,,,,,,_,,...:.#..........#
*#.≈≈§≈§,,,^~,............#


You could see a hornet and 2 killer bees.

Vanquished Creatures
  Grinder (D:3)
  A hornet (D:8)
  Sigmund (D:2)
  A steam dragon (D:8)
  Duvessa (D:4)
  An orc warrior (D:7)
  A sky beast (D:6)
  3 black bears
  3 ogres
  A centaur (D:7)
  3 phantoms
  A bullfrog (D:7)
  A necrophage (D:5)
  Dowan (D:4)
  4 killer bees
  4 centaur zombies (Ossuary)
  7 orc priests
  Crazy Yiuf (D:5)
  2 hounds
  A jelly (D:6)
  2 gnoll boudas (D:7)
  10 iguanas
  Natasha (twice) (D:4)
  4 orc wizards
  Terence (D:2)
  2 hound zombies (D:3)
  5 mummies (Ossuary)
  Robin (D:4)
  5 adders
  7 gnolls (D:7)
  2 white imps
  An ufetubus (D:7)
  2 worms
  4 dart slugs
  33 orcs
  15 ball pythons
  4 bats
  9 endoplasms
  3 giant cockroaches
  14 hobgoblins
  11 jackals
  6 quokkas
  3 ball python skeletons (D:3)
  5 frilled lizards
  16 goblins
  5 hobgoblin zombies (Ossuary)
  6 kobolds
  2 quokka skeletons (D:3)
  8 rats
227 creatures vanquished.

Vanquished Creatures (others)
  3 demonic plants (D:1)
3 creatures vanquished.

Grand Total: 230 creatures vanquished

Notes
Turn   | Place    | Note
-------+----------+-------------------------------------------
     0 | D:1      | McKennaii the Demigod Fighter began the quest for the Orb.
     0 | D:1      | Reached XP level 1. HP: 18/18 MP: 3/3
    96 | D:1      | Found Mefat's Armour Boutique.
   180 | D:1      | Reached XP level 2. HP: 25/25 MP: 4/4
   228 | D:1      | Found Wotolota's Jewellery Shoppe.
   234 | D:1      | Reached skill level 3 in Armour
   514 | D:1      | Found Neetoyma's Weapon Boutique.
   607 | D:1      | Reached XP level 3. HP: 30/31 MP: 5/5
  1362 | D:2      | Noticed Sigmund
  1381 | D:2      | Killed Sigmund
  1382 | D:2      | Reached skill level 4 in Armour
  1382 | D:2      | Reached XP level 4. HP: 31/40 MP: 6/6
  1382 | D:2      | Reached XP level 5. HP: 36/46 MP: 7/7
  1651 | D:2      | Noticed Terence
  1676 | D:2      | Killed Terence
  2463 | D:3      | Identified a scroll of acquirement
  2464 | D:3      | Acquired the +2 crystal plate armour of Hak Gig {rF+ rN+
                  | Dex+2}
  2489 | D:3      | Noticed Grinder
  2490 | D:3      | Paralysed by Grinder for 5 turns
  2508 | D:3      | Paralysed by Grinder for 2 turns
  2513 | D:3      | Killed Grinder
  2514 | D:3      | Reached XP level 6. HP: 28/53 MP: 8/8
  2857 | D:3      | Reached skill level 5 in Armour
  3668 | D:3      | Reached XP level 7. HP: 59/60 MP: 9/9
  3719 | D:3      | Acquired a +6 scimitar of electrocution
  3876 | D:4      | Noticed Duvessa
  3881 | D:4      | Noticed Dowan
  4069 | D:4      | Noticed Robin
  4087 | D:4      | Killed Robin
  4293 | D:4      | Reached skill level 5 in Fighting
  4312 | D:4      | Killed Duvessa
  4314 | D:4      | Killed Dowan
  4315 | D:4      | Reached skill level 6 in Armour
  4501 | D:4      | Noticed Natasha
  4510 | D:4      | Killed Natasha
  4806 | D:4      | Noticed Natasha
  4812 | D:4      | Killed Natasha
  4881 | D:5      | Entered Level 5 of the Dungeon
  5089 | D:5      | Reached skill level 5 in Long Blades
  5089 | D:5      | Reached XP level 8. HP: 69/69 MP: 10/10
  5136 | D:5      | Reached skill level 7 in Armour
  5544 | D:5      | Found a runed translucent door.
  5545 | D:5      | Noticed Crazy Yiuf
  5852 | D:5      | Killed Crazy Yiuf
  6042 | D:6      | Noticed Exodus22XD's ghost (novice DsGl)
  6044 | D:6      | Found a transporter.
  6140 | D:6      | Found a transporter.
  6911 | D:7      | Found a staircase to the Ecumenical Temple.
  6933 | D:7      | Reached skill level 8 in Armour
  7105 | D:7      | Reached XP level 9. HP: 35/78 MP: 11/11
  7811 | D:7      | Found Quchudapp's Jewellery Shoppe.
  7963 | D:8      | Found a sand-covered staircase.
  7972 | Ossuary  | Entered an ossuary
  8015 | Ossuary  | Reached skill level 9 in Armour
  8427 | D:8      | Paralysed by a hornet for 1 turns
  8436 | D:8      | Paralysed by a hornet for 3 turns
  8438 | D:8      | HP: 2/79 [killer bee (4)]
  8438 | D:8      | Slain by a killer bee

Illustrated notes

Levels and vault maps discovered:
D:1:      amcnicky_arrival_wind_blow, layout_basic,
          shapermc_ecumenical_altar_gd, serial_shops, shop_statue,
          nicolae_diamond_shop, nicolae_shop_hallway_plus
D:2:      layout_basic, minmay_circle_x, uniq_sigmund, uniq_terence
D:3:      layout_loops_ring, marbit_many_paths, serial_undead, serial_undead_e,
          serial_undead_f, serial_undead_a, serial_undead_d, minmay_ruptured,
          uniq_grinder
D:4:      layout_basic, kennysheep_mini, serial_co_window_serial,
          co_window_of_opportunity_a, co_window_of_opportunity_a,
          co_window_corner_a, co_window_corner_a, co_window_of_opportunity_a,
          co_window_broadway_c, co_window_corner_cb, co_window_of_opportunity_c,
          co_window_4corner_a, glass_columns_a, glass_columns_a,
          glass_columns_a, glass_columns_a, glass_columns_a, uniq_duvessa,
          uniq_robin, uniq_natasha
D:5:      layout_loops_ring, trog_ov_bears_minmay,
          nicolae_uskayaw_murder_on_the_dancefloor, uniq_crazy_yiuf_cottage
D:6:      layout_loops_corners, gammafunk_ghost_arena,
          chequers_serial_rivers_small_b
D:7:      layout_loops_ring, mainiacjoe_overflow_catwalk_spiral, temple_pool_b,
          serial_shops, nicolae_shop_trees
D:8:      layout_cave_pools, grunt_qazlal_sundering,
          gammafunk_temple_overflow_wave, lemuel_doored_altar,
          nicolae_ossuary_entry_ruins, hex_tiny, hangedman_decor_diamond_cutter

Skill      XL: |  1  2  3  4  5  6  7  8  9 |
---------------+----------------------------+-----
Long Blades    | 2 3 4 5 6 |  6.8
Fighting       | 3 4 5 6 7 |  7.2
Armour         | 3 4 5 6 8 9 |  9.3
Shields        | |  2.6

Action                   |  1- 3 |  4- 6 |  7- 9 || total
-------------------------+-------+-------+-------++-------
Melee: Long sword        |   126 |   214 |       ||   340
       Scimitar          |       |       |   293 ||   293
Evoke: Wand              |       |     9 |     8 ||    17
  Use: Potion            |     1 |       |     6 ||     7
       Scroll            |       |     6 |     4 ||    10
 Stab: Paralysed         |       |       |     1 ||     1
Armor: Scale mail        |    72 |     8 |       ||    80
       Chain mail        |       |    38 |       ||    38
       Crystal plate arm |       |    77 |   353 ||   430
Dodge: Dodged            |    64 |    62 |    80 ||   206
Block: Buckler           |    31 |    50 |    95 ||   176
